 Dungeon Crawl Stone Soup version 0.20-a0-556-g892c87b (webtiles) character file.

182 drasked the Magician (level 5, -13/28 HPs)
             Began as a Deep Elf Fire Elementalist on Feb 5, 2017.
             Killed from afar by drasked's ghost (15 damage)
             ... with a flame tongue
             ... on level 3 of the Dungeon.
             The game lasted 00:12:52 (3675 turns).

drasked the Magician (Deep Elf Fire Elementalist)   Turns: 3675, Time: 00:12:53

Health: -13/28     AC:  2    Str:  5    XL:     5   Next: 35%
Magic:  10/14      EV: 13    Int: 21    God:
Gold:   116        SH:  0    Dex: 15    Spells: 4/14 levels left

rFire    . . .     SeeInvis .   l - +4 dagger
rCold    . . .     Gourm    .   a - +0 robe
rNeg     . . .     Faith    .   (no shield)
rPois    .         Spirit   .   (no helmet)
rElec    .         Reflect  .   (no cloak)
rCorr    .         Harm     .   (no gloves)
MR       .....                  (no boots)
Stlth    ++........             (no amulet)
Regen    0.1/turn               (no ring)
                                (no ring)

@: no status effects
A: no striking features
a: no special abilities


You were on level 3 of the Dungeon.
You were hungry.

You visited 1 branch of the dungeon, and saw 4 of its levels.

You collected 116 gold pieces.

Inventory:

Hand Weapons
 l - a +4 dagger (weapon)
   (You took it off a kobold on level 1 of the Dungeon)
 x - a +2 rapier of electrocution
   (You found it on level 3 of the Dungeon)
Missiles
 t - 8 curare-tipped needles
Armour
 a - a +0 robe (worn)
 c - a cursed +0 helmet
   (You took it off Robin on level 1 of the Dungeon)
Scrolls
 d - 2 scrolls of blinking {unknown}
 e - 3 scrolls of teleportation {unknown}
 h - 3 scrolls of identify {unknown}
 j - 2 scrolls of random uselessness {unknown}
 k - 3 scrolls of magic mapping {unknown}
 m - 2 scrolls of remove curse {unknown}
 n - a scroll of noise {unknown}
 q - a scroll of fear {unknown}
 v - a scroll of enchant armour {unknown}
 y - a scroll of fog {unknown}
Potions
 f - a potion of curing
 g - a potion of might {unknown}
 i - a potion of heal wounds
 s - a potion of invisibility {unknown}
 u - 2 potions of flight {unknown}
 w - a potion of degeneration {unknown}
Books
 b - a book of Flames
Comestibles
 o - a royal jelly
 p - 3 bread rations {@e1}
 r - 8 fruits


   Skills:
 - Level 2.4 Dodging
 - Level 2.4 Stealth
 + Level 5.0 Spellcasting
 + Level 3.2 Conjurations
 + Level 4.8 Fire Magic


You had 4 spell levels left.
You knew the following spells:

 Your Spells              Type           Power        Failure   Level  Hunger
a - Flame Tongue          Conj/Fire      ###..        1%          1    None
c - Conjure Flame         Conj/Fire      ###.....     10%         3    ##.....
s - Sticky Flame          Conj/Fire      ###.....     24%         4    ####...
x - Throw Flame           Conj/Fire      ###...       3%          2    None


Dungeon Overview and Level Annotations

Branches:
Dungeon (4/15)
 Temple: D:4-7

Altars:
Fedhas

Annotations:
D:2 Sigmund
D:3 drasked's ghost, amateur DEFE


Message History

You see here a stone.
You are feeling very hungry.
MP restored: 14 You see here a short sword.
There is a stone staircase leading up here.
You climb upwards.
Level annotation: Sigmund A bat and a hobgoblin come into view.
There is a stone staircase leading down here.
Aim: a hobgoblin, wielding a club (resting)
The flame tongue hits the hobgoblin.
The hobgoblin appears unharmed.
The hobgoblin shouts!
The hobgoblin closely misses you.
You now have 13/14 mp.
Aim: a hobgoblin, wielding a club The flame tongue hits the hobgoblin.
The bat hits you.
You take 1 damage, and have 13/28 hp.
You now have 12/14 mp.
Aim: a hobgoblin, wielding a club (lightly wounded)
The flame tongue hits the hobgoblin.
You kill the hobgoblin!
The bat completely misses you.
You now have 11/14 mp.
Aim: a bat The flame tongue hits the bat.
The bat hits you but does no damage.
You now have 10/14 mp.
Aim: a bat (heavily wounded)
The flame tongue hits the bat.
You kill the bat!
You now have 9/14 mp.
Aim: a hobgoblin, wielding a club You miscast Flame Tongue.
You are very lightly contaminated with residual magic.
Nothing appears to happen.
You now have 9/14 mp.
Aim: a hobgoblin, wielding a club The flame tongue hits the hobgoblin.
You now have 8/14 mp.
Aim: a hobgoblin, wielding a club (severely wounded)
The flame tongue hits the hobgoblin.
You kill the hobgoblin!
You now have 7/14 mp.
You start resting.
Your magical contamination has completely faded away.
You regained 3 mp, and now have 10/14 mp.
Things that are here:
a club; a hobgoblin corpse You butcher the hobgoblin corpse.
z - a chunk of flesh {@w0} You see here a club.
Found a stone staircase leading down.
You see here a club.
You see here a club.
There is a stone staircase leading down, spattered with blood here.
You start resting.
Eating a chunk of flesh {@w0}.
You eat the chunk of flesh {@w0}.
You are feeling hungry.
You regained 9 hp, and now have 25/28 hp.
MP restored: 14
There is a stone staircase leading down, spattered with blood here.
You may need something to eat soon, looking for food.
Can't find anything matching that.
Sorry, you're not good enough to have a special ability.
You now have 116 gold pieces (gained 12).
u - 2 bubbling inky potions (gained 1)
h - 3 scrolls labeled YMPAVA CAMEOPA (gained 1) Health restored: 28
There is a stone staircase leading down, spattered with blood here.
You climb downwards.
Level annotation: drasked's ghost, amateur DEFE Drasked's ghost gestures at you while chanting.
The puff of flame hits you!
There is a stone staircase leading up here.
You take 8 damage, and have 20/28 hp.
MASSIVE DAMAGE!!
Drasked's ghost casts a spell at you. The puff of flame hits you!
You take 8 damage, and have 12/28 hp.
MASSIVE DAMAGE!!
There is a stone staircase leading down here.
You climb downwards. 2 adders, a hound and an ogre come into view.
The ogre shouts!
There is a stone staircase leading up here.
You climb upwards.
Level annotation: drasked's ghost, amateur DEFE
There is a stone staircase leading down here.
A goblin comes into view. It is wielding a club.
The goblin shouts!
Aim: drasked's ghost, wielding a weapon of protection The sticky flame hits drasked's ghost.
Drasked's ghost casts a spell at you. The puff of flame hits you!
* * * LOW HITPOINT WARNING * * *
You take 12 damage, and have 2/28 hp.
MASSIVE DAMAGE!!
You now have 10/14 mp.
Drasked's ghost gestures at you while chanting.
The flame tongue hits you!
Ouch! That really hurt!
You die...

################
................# .#
#.........#### .###.........#
####### .#.##.#.###### #....P#
##########
...##........###########.........
.##..##.##...............########
.##.>##.++......@........# #...(
...##.........#.#.......## #.###
.#.##.#..#....#.#W......# #.# #
.).............>#.......#####.###
...###.......+#.....g.......#....
...###.....#########.######.#####
.....+....<#########......#.# #
.....#.....#.#PPP#.'.####.#.# #
...###.....#.#PPP#.#.# #.#.# #


You could see drasked's ghost and a goblin.

Vanquished Creatures
  An orc priest (D:3)
  An orc wizard (D:3)
  Robin (D:1)
  An adder (D:2)
  2 oozes
  3 worms
  3 dart slugs (D:1)
  2 leopard geckos
  3 orcs (D:3)
  6 bats
  3 giant cockroaches
  10 goblins
  16 hobgoblins
  4 jackals (D:2)
  10 kobolds
  A ball python (D:2)
  2 frilled lizards
  5 rats
74 creatures vanquished.

Notes
Turn   | Place    | Note
-------+----------+-------------------------------------------
     0 | D:1      | drasked the Deep Elf Fire Elementalist began the quest for the Orb.
     0 | D:1      | Reached XP level 1. HP: 10/10 MP: 6/6
   262 | D:1      | Reached XP level 2. HP: 15/15 MP: 5/8
   597 | D:1      | Reached skill level 2 in Conjurations
   767 | D:1      | Reached XP level 3. HP: 19/19 MP: 8/10
   771 | D:1      | Learned a level 2 spell: Throw Flame
   775 | D:1      | Learned a level 3 spell: Conjure Flame
  1287 | D:2      | Noticed Sigmund
  1288 | D:2      | Reached skill level 4 in Fire Magic
  1375 | D:2      | Noticed Robin
  1380 | D:2      | HP: 1/19 [Sigmund/magic dart (10)]
  1729 | D:1      | Killed Robin
  1729 | D:1      | Reached skill level 4 in Spellcasting
  1838 | D:1      | Reached XP level 4. HP: 10/24 MP: 3/12
  2033 | D:2      | HP: 3/24 [goblin/stone[Robin] (6)]
  2899 | D:2      | Found a blossoming altar of Fedhas.
  3309 | D:3      | Reached XP level 5. HP: 28/28 MP: 8/14
  3315 | D:3      | Learned a level 4 spell: Sticky Flame
  3321 | D:3      | Reached skill level 3 in Conjurations
  3324 | D:3      | Reached skill level 5 in Spellcasting
  3388 | D:3      | Noticed drasked's ghost (amateur DEFE)
  3664 | D:4      | Noticed an ogre
  3673 | D:3      | HP: 2/28 [drasked's ghost/puff of flame (12)]
  3675 | D:3      | Killed from afar by drasked's ghost

Vault maps used:
D:1:      minmay_arrival_radiant_lines, hangedman_decor_growths,
          minmay_pentomino_r2
D:2:      st_stairs_9, fedhas_altar_fruit_tree, uniq_sigmund, uniq_robin
D:3:      nicolae_overflow_crystal_walls, first_bread, serial_aquarium,
          aquarium_bridge_island_small, aquarium_window_2, aquarium_window_fake,
          aquarium_view_2c, aquarium_pool_double, st_stairs_7,
          amethyst_killhole, led_xom_imps
D:4:      minmay_thick_lines, minmay_temple_entry_junction

Skill      XL: |  1  2  3  4  5 |
---------------+----------------+-----
Conjurations   | 2 3 |  3.2
Fire Magic     | 4 |  4.8
Spellcasting   | 4 5 |  5.0
Dodging        | |  2.4
Stealth        | |  2.4

Action                   |  1- 3 |  4- 6 || total
-------------------------+-------+-------++-------
Melee: Dagger            |       |     1 ||     1
 Cast: Flame Tongue      |    76 |    79 ||   155
       Conjure Flame     |       |     1 ||     1
       Sticky Flame      |       |     1 ||     1
  Use: Potion            |       |     2 ||     2
  Eat: Bread ration      |     1 |       ||     1
       Chunk             |       |     3 ||     3
Armor: Robe              |     9 |     6 ||    15
Dodge: Dodged            |    30 |    58 ||    88

Vault maps used:
D:1:      minmay_arrival_radiant_lines, hangedman_decor_growths,
          minmay_pentomino_r2
D:2:      st_stairs_9, fedhas_altar_fruit_tree, uniq_sigmund, uniq_robin
D:3:      nicolae_overflow_crystal_walls, first_bread, serial_aquarium,
          aquarium_bridge_island_small, aquarium_window_2, aquarium_window_fake,
          aquarium_view_2c, aquarium_pool_double, st_stairs_7,
          amethyst_killhole, led_xom_imps
D:4:      minmay_thick_lines, minmay_temple_entry_junction

Table legend:
 A = Turns spent in this place as a percentage of turns spent in the entire game.
 B = Non-inter-level travel turns spent in this place as a percentage of non-inter-level travel turns spent in the entire game.
 C = Inter-level travel turns spent in this place as a percentage of turns spent in this place.
 D = Turns resting spent in this place as a percentage of non-inter-level travel turns spent in this place.
 E = Turns spent auto-exploring this place as a percentage of non-inter-level travel turns spent in this place.
 F = Non-inter-level travel turns spent in this place divided by the number of levels of this place that you've seen.
                   A       B       C       D       E      F
               +-------+-------+-------+-------+-------+----------------------
         Total | 100.0 | 100.0 |   0.9 |   4.4 |   8.2 | 239.5
       Dungeon | 100.0 | 100.0 |   0.9 |   4.4 |   8.2 | 239.5
               +-------+-------+-------+-------+-------+----------------------

Table legend:
 A = Kills in this place as a percentage of kills in entire the game.
 B = Kills by you in this place as a percentage of kills by you in the entire game.
 C = Kills by friends in this place as a percentage of kills by friends in the entire game.
 D = Other kills in this place as a percentage of other kills in the entire game.
 E = Experience gained in this place as a percentage of experience gained in the entire game.
 F = Experience gained in this place divided by the number of levels of this place that you have seen.
                   A       B       C       D       E      F
               +-------+-------+-------+-------+-------+----------------------
         Total | 100.0 | 100.0 |  -nan |  -nan | 100.0 |  65.2
       Dungeon | 100.0 | 100.0 |  -nan |  -nan | 100.0 |  65.2
               +-------+-------+-------+-------+-------+----------------------
